 Dungeon Crawl Stone Soup version 0.31-a0-221-gbddc013574 (webtiles) character file.

Game seed: 8671356276048183131

18 timneilson the Slasher (level 2, -2/22 HPs)
             Began as a Demonspawn Gladiator on July 4, 2023.
             Succumbed to a goblin's poison
             ... on level 2 of the Dungeon.
             The game lasted 00:01:48 (1075 turns).

timneilson the Slasher (Demonspawn Gladiator)       Turns: 1075, Time: 00:01:48

Health: -2/22      AC: 12    Str: 14    XL:     2   Next: 48%
Magic:  2/2        EV:  7    Int:  9    God:
Gold:   7          SH:  0    Dex: 14    Spells: 1/1 levels left

rFire   . . .        a - +0 long sword
rCold   . . .        (no shield)
rNeg    . . .        b - +0 chain mail
rPois   .            c - +0 helmet
rElec   .            i - +2 cloak
rCorr   .            (no gloves)
SInv    .            (no boots)
Will    .....        (no amulet) Stlth
                     (no ring)
HPRegen 0.23/turn    (no ring)
MPRegen 0.16/turn

%: no passive effects
@: lethally poisoned (-2 -> -15)
A: magic regeneration
a: no special abilities


You were on level 2 of the Dungeon.
You visited 1 branch of the dungeon, and saw 2 of its levels.

You collected 7 gold pieces.

Inventory:

Hand Weapons
 a - a +0 long sword (weapon)
Missiles
 d - 3 throwing nets (quivered)
 e - a javelin
Armour
 b - a +0 chain mail (worn)
 c - a +0 helmet (worn)
 i - a +2 cloak (worn)
Jewellery
 h - a ring of fire
Scrolls
 f - a scroll of fog {unknown}
 j - a scroll of identify
 l - a scroll of teleportation {unknown}
Potions
 g - a potion of cancellation
 k - a potion of attraction


   Skills:
 + Level 2.2 Fighting
 * Level 3.0 Long Blades
 - Level 1.7 Throwing
 * Level 0.7 Armour
 * Level 3.0 Dodging


You had one spell level left.
You didn't know any spells.
Your spell library was empty.

Dungeon Overview and Level Annotations

Branches:
Dungeon (2/15)

Altars:

Shops:
D:1 *


Innate Abilities, Weirdness & Mutations

You regenerate magic rapidly.


Message History

You completely miss the adder.
The adder is heavily wounded.
The adder bites you but does no damage. x2
You slash the adder!
You kill the adder!
Your Long Blades skill increases to level 3!
Your Dodging skill increases to level 3!
You now have 7 gold pieces.
HP restored.
A goblin comes into view. It is wielding a +0 dagger of venom.
The goblin shouts!
The goblin unwields a +0 dagger of venom.
It stops dripping with poison.
The goblin wields a +0 sling.
The goblin shoots a sling bullet.
The sling bullet hits you but does no damage.
You see here a ruby potion.
The goblin unwields a +0 sling.
The goblin wields a +0 dagger of venom.
It begins to drip with poison!
The goblin hits you but does no damage.
You are poisoned.
You closely miss the goblin.
You feel very sick. The goblin hits you but does no damage.
You are more poisoned.
You hit the goblin.
The goblin is heavily wounded.
You feel very sick. The goblin hits you but does no damage.
You are lethally poisoned!
You hit the goblin.
The goblin is severely wounded.
You feel extremely sick. The goblin barely misses you.
You barely miss the goblin.
The goblin is severely wounded.
* * * LOW HITPOINT WARNING * * *
You feel very sick. The goblin barely misses you. x2
You closely miss the goblin.
The goblin is severely wounded.
You die...

. ..... ... ##.##
... ...# ##
###.### # # ....
<. ..... .#. ...
######.### #.# #..
.........# #.# #.#
##.##..#.###.# #g#
##.##..#.....###@#
##.##..........!.#
...##.##.######.##
#####(#...# #.# #
#....... #.# #
###...## #.# ##
##.## #.#
.#######.# ...
......... #..


You could see a goblin.

Vanquished Creatures
  An adder (D:2)
  A dart slug (D:1)
  A goblin (D:1)
  A kobold (D:1)
  A ball python (D:1)
  2 bats (D:1)
  A frilled lizard (D:1)
  A rat (D:2)
9 creatures vanquished.

Notes
Turn   | Place    | Note
-------+----------+-------------------------------------------
     0 | D:1      | timneilson the Demonspawn Gladiator began the quest for the
                  | Orb.
     0 | D:1      | Reached XP level 1. HP: 16/16 MP: 1/1
   713 | D:1      | Found Baclu's Assorted Antiques.
   810 | D:1      | Gained mutation: You regenerate magic rapidly. [demonic
                  | ancestry]
   810 | D:1      | Reached XP level 2. HP: 13/22 MP: 2/2
  1075 | D:2      | Succumbed to a goblin's poison

Illustrated notes

Levels and vault maps discovered:
D:1:      roderic_chinese_lattice_arrival, layout_basic, serial_shops, shop,
          corexii_leaking_fountain
D:2:      minmay_chambers_of_twos, layout_loops_ring, uniq_natasha

Skill      XL: |  1  2 |
---------------+-------+-----
Long Blades    | 3 |  3.0
Dodging        | 3 |  3.0
Fighting       | |  2.2
Throwing       | |  1.7
Armour         | |  0.7

Action                     || total
---------------------------++-------
  Melee: Long sword        ||    51
         Punch             ||     2
    Use: Scroll            ||     3
 Armour: Leather armour    ||     9
         Scale mail        ||     6
         Chain mail        ||    19
  Dodge: Dodged            ||    28

Table legend: (Time is in decaauts)
 A = Elapsed time spent in this place.
 B = Non-inter-level travel time spent in this place.
 C = Inter-level travel time spent in this place.
 D = Time resting spent in this place.
 E = Time spent auto-exploring this place.
 F = Levels seen in this place.
 G = Mean time per level.
                   A        B        C        D        E       F      G
               +--------+--------+--------+--------+--------+-----+--------+
         Total |   1087 |   1072 |     15 |      0 |    892 |   2 |  543.5 |
       Dungeon |   1087 |   1072 |     15 |      0 |    892 |   2 |  543.5 |
               +--------+--------+--------+--------+--------+-----+--------+

Top non-repeatable levels by time:
     D:1: 921 daAuts
     D:2: 166 daAuts
